 Dungeon Crawl Stone Soup version 0.22.1-2-g9c5b331 (webtiles) character file.

6306 DiademB the Protected (level 10, -2/90 HPs)
             Began as a Minotaur Berserker on Nov 23, 2018.
             Was an Elder of Trog.
             Slain by a wight
             ... wielding a +4 trident
              (6 damage)
             ... on level 11 of the Dungeon.
             The game lasted 01:11:53 (12533 turns).

DiademB the Protected (Minotaur Berserker)         Turns: 12533, Time: 01:11:54

Health: -2/90      AC: 19    Str: 25    XL:     10   Next: 63%
Magic:  9/9        EV:  8    Int:  4    God:    Trog [****..]
Gold:   524        SH:  0    Dex: 10    Spells: 9/9 levels left

rFire    . . .     SeeInvis .   a - +2 dagger (distort)
rCold    . . .     Gourm    .   (no shield)
rNeg     . . .     Faith    .   q - +4 plate armour
rPois    .         Spirit   .   (helmet restricted)
rElec    .         Reflect  .   (no cloak)
rCorr    .         Harm     .   (no gloves)
MR       .....                  (no boots)
Stlth    ..........             (no amulet)
HPRegen  0.25/turn              (no ring)
MPRegen  0.11/turn              (no ring)

@: drained
A: retaliatory headbutt, horns 2
a: Berserk, Trog's Hand, Brothers in Arms, Renounce Religion


You were on level 11 of the Dungeon.
You worshipped Trog.
Trog was greatly pleased with you.
You were full.

You visited 2 branches of the dungeon, and saw 12 of its levels.

You collected 614 gold pieces.
You spent 90 gold pieces at shops.

Inventory:

Hand Weapons
 a - a +2 dagger of distortion (weapon)
 d - a +1 short sword of venom
 g - a +4 dagger
 z - a +1 vampiric dagger
 A - a +4 vampiric hand axe
Missiles
 f - 254 stones (quivered)
 m - 55 bolts
 n - 11 tomahawks of returning
Armour
 q - a +4 plate armour (worn)
 v - a +2 cloak
 x - a +0 helmet
Jewellery
 k - an uncursed ring of protection from magic {unknown}
 p - an uncursed amulet of harm {unknown}
 C - an uncursed amulet of regeneration {unknown}
 D - an uncursed ring of magical power {unknown}
Wands
 b - a wand of flame (24)
 c - a wand of random effects (39)
Scrolls
 h - 3 scrolls of magic mapping
 i - 5 scrolls of teleportation
 l - 13 scrolls of remove curse
 w - a scroll of enchant weapon {unknown}
 y - a scroll of fog {unknown}
 B - a scroll of summoning {unknown}
Potions
 e - 4 potions of agility {unknown}
 j - 2 potions of ambrosia {unknown}
 o - a potion of lignification {unknown}
 r - a potion of might {unknown}
 t - 2 potions of magic {unknown}
 u - 3 potions of mutation {unknown}
 E - a potion of invisibility {unknown}
 G - a potion of brilliance {unknown}
Comestibles
 s - 8 rations
 F - 2 chunks of flesh


   Skills:
 + Level 8.4(7.6) Fighting
 + Level 9.7(8.8) Short Blades
 + Level 4.1(3.4) Axes
 + Level 13.1(12.1) Armour
 + Level 3.5(2.7) Dodging
 + Level 2.0(1.3) Stealth


You had 9 spell levels left.
You didn't know any spells.
Your spell library contained the following spells:

 Spells                   Type           Power        Failure   Level  Hunger
 Sandblast                Erth           #.....       99%         1    ##.....
 Passwall                 Tmut/Erth      #.......     100%        2    ###....
 Stone Arrow              Conj/Erth      #.....       100%        3    ####...
 Petrify                  Tmut/Erth      #.......     100%        4    #####..
 Lee's Rapid Deconstruct  Erth           #.........   100%        5    ######.


Dungeon Overview and Level Annotations

Branches:
Dungeon (11/15)            Temple (1/1) D:5
   Lair: D:8-11         Orc: D:9-12

Altars:
Ashenzari
Cheibriados
Dithmenos
Elyvilon
Fedhas
Gozag
Hepliaklqana
Kikubaaqudgha
Makhleb
Okawaru
Qazlal
Ru
Sif Muna
Trog
Uskayaw
Vehumet
Wu Jian
Xom
Yredelemnul
Zin
The Shining One
Lugonu

Annotations:
D:7 Joseph
Abyss:1 Dowan, Fannar


Innate Abilities, Weirdness & Mutations

You reflexively headbutt those who attack you in melee.
You have a pair of horns on your head.


Message History

The bolt closely misses you.
You see here 3 bolts.
You hit the wight but do no damage.
Space warps horribly around the wight!
You destroy the wight!
Trog accepts your kill. The wight hits you but does no damage.
The yaktaur shoots a bolt.
The bolt hits you but does no damage.
A wight comes into view. It is wielding a mace.
The yaktaur wields an arbalest.
The yaktaur shoots a bolt.
The bolt hits you!
* * * LOW HITPOINT WARNING * * *
Things that are here:
2 bolts; an enchanted long sword; a robe The wight hits you but does no damage.
The wight hits you but does no damage.
The yaktaur shoots a bolt.
The bolt barely misses you.
The yaktaur shoots a bolt.
The bolt hits you!!
* * * LOW HITPOINT WARNING * * *
You see here a bolt.
The wight hits you from afar with an enchanted trident.
You die...

#(# #h####
#c...#
####c##.####
...........#
#....(..z..#
......
#.......z..#
...../
#..........#
......
#......(@..#
....
#########..#
... ##)##.#
#)#..# #...#
##...##
#..#..## .. ###
#.###..## .. ..
#...####..#####


You could see 2 yaktaurs and 2 wights.

Vanquished Creatures
  Harold (D:8)
  A troll (D:9)
  A hippogriff (D:10)
  A wyvern (D:8)
  A yak (D:10)
  A hungry ghost (D:7)
  Duvessa (D:4)
  A water moccasin (D:6)
  2 orc warriors
  A sky beast (D:5)
  2 black bears
  2 ogres
  2 centaurs
  2 crocodiles (D:8)
  Blork the orc (D:5)
  A big kobold (D:7)
  2 bullfrogs (D:7)
  2 scorpions
  A water moccasin skeleton (D:5)
  4 wights (D:11)
  A jelly (D:9)
  4 crimson imps
  4 hounds
  2 bullfrog zombies
  A bullfrog skeleton (D:4)
  5 orc wizards
  A gnoll shaman (D:5)
  5 orc priests
  Natasha (twice) (D:4)
  4 iguanas
  4 worker ants
  A killer bee zombie (D:5)
  2 hound zombies
  8 adders
  6 gnolls
  A shadow imp (D:6)
  An adder zombie (D:9)
  An adder skeleton (D:4)
  A worm (D:3)
  2 dart slugs
  12 leopard geckos
  27 orcs
  6 giant cockroaches
  12 hobgoblins
  9 jackals
  11 kobolds
  2 quokkas
  A ball python (D:5)
  7 bats
  4 frilled lizards
  6 goblins
  6 rats
  2 demonic plants (Temple)
191 creatures vanquished.

Vanquished Creatures (others)
  The ghost of lansh the Impaler, a novice MfCK of Xom (D:6)
  2 yaks (D:10)
  A steam dragon (D:8)
  A hungry ghost (D:9)
  3 ice beasts
  A sky beast (D:8)
  An ogre (D:4)
  2 crocodiles (D:8)
  A centaur (D:7)
  A bullfrog zombie (D:7)
  An orc wizard (D:9)
  An iguana (D:6)
  2 worker ants
  A gnoll (D:9)
  An adder (D:5)
  2 orcs
  A goblin (D:3)
  A hobgoblin (D:1)
  A jackal (D:6)
25 creatures vanquished.

Grand Total: 216 creatures vanquished

Notes
Turn   | Place    | Note
-------+----------+-------------------------------------------
     0 | D:1      | DiademB the Minotaur Berserker began the quest for the Orb.
     0 | D:1      | Reached XP level 1. HP: 19/19 MP: 0/0
    79 | D:1      | Reached XP level 2. HP: 11/27 MP: 1/1
   903 | D:1      | Reached ** piety under Trog
   930 | D:1      | Reached XP level 3. HP: 34/34 MP: 2/2
  1572 | D:2      | Reached skill level 3 in Armour
  1795 | D:2      | Reached XP level 4. HP: 41/41 MP: 3/3
  1844 | D:2      | Found a stormy altar of Qazlal.
  2650 | D:2      | Found a radiant altar of Vehumet.
  2777 | D:3      | Found a shimmering altar of Xom.
  2777 | D:3      | Found a sacrificial altar of Ru.
  2777 | D:3      | Found a bloodstained altar of Trog.
  2780 | D:3      | Found a snail-covered altar of Cheibriados.
  3123 | D:3      | Reached skill level 1 in Short Blades
  3583 | D:4      | Reached XP level 5. HP: 47/47 MP: 4/4
  3686 | D:4      | Found a hazy altar of Hepliaklqana.
  3695 | D:4      | Found a glowing golden altar of the Shining One.
  3695 | D:4      | Noticed Natasha
  3704 | D:4      | Noticed an ogre
  3714 | D:4      | Killed Natasha
  3716 | D:4      | Reached skill level 4 in Armour
  3718 | D:4      | Banished an ogre
  3718 | D:4      | Reached skill level 5 in Fighting
  3729 | D:4      | Reached XP level 6. HP: 52/56 MP: 5/5
  3738 | D:4      | Reached *** piety under Trog
  3925 | D:4      | Noticed Dowan
  3926 | D:4      | Noticed Duvessa
  3950 | D:4      | Banished Dowan
  3970 | D:4      | Killed Duvessa
  3970 | D:4      | Reached skill level 5 in Armour
  4877 | D:4      | Noticed Natasha
  4886 | D:4      | Killed Natasha
  4987 | D:5      | Entered Level 5 of the Dungeon
  5023 | D:5      | Reached XP level 7. HP: 61/61 MP: 6/6
  5048 | D:5      | Noticed Blork the orc
  5092 | D:5      | Killed Blork the orc
  5092 | D:5      | Reached skill level 5 in Short Blades
  5196 | D:5      | Found a hide-covered altar of Uskayaw.
  5247 | D:5      | Reached skill level 1 in Stealth
  5324 | D:5      | Found a blossoming altar of Fedhas.
  5405 | D:5      | Found a staircase to the Ecumenical Temple.
  5444 | Temple   | Entered the Ecumenical Temple
  5641 | D:5      | Reached skill level 6 in Armour
  6004 | D:5      | Reached XP level 8. HP: 47/70 MP: 7/7
  6126 | D:5      | Found a shattered altar of Ashenzari.
  6189 | D:5      | Reached skill level 7 in Armour
  6328 | D:5      | Found an ornate altar of the Wu Jian Council.
  6539 | D:6      | Reached **** piety under Trog
  6825 | D:6      | Found a runed gate.
  6825 | D:6      | Found a runed gate.
  6826 | D:6      | Found a runed gate.
  6830 | D:6      | Noticed lansh's ghost (novice MfCK)
  7231 | D:6      | Reached skill level 8 in Armour
  7697 | D:6      | Banished lansh's ghost
  7697 | D:6      | Reached skill level 9 in Armour
  7697 | D:6      | Reached XP level 9. HP: 31/78 MP: 8/8
  8091 | D:7      | Found a shattered altar of Ashenzari.
  8423 | D:7      | Got an ichor-stained morningstar
  8713 | D:7      | Reached skill level 10 in Armour
  8843 | D:7      | Noticed Joseph
  9038 | D:7      | Found Zin's Purification Station.
  9039 | D:7      | Found a glowing silver altar of Zin.
  9047 | D:7      | Bought a potion of curing for 90 gold pieces
  9710 | D:8      | Found a basalt altar of Yredelemnul.
  9922 | D:8      | Reached skill level 11 in Armour
 10533 | D:8      | Noticed Harold
 10550 | D:8      | Killed Harold
 10550 | D:8      | Reached XP level 10. HP: 72/88 MP: 9/9
 10560 | D:8      | Found an opulent altar of Gozag.
 10650 | D:8      | Reached skill level 12 in Armour
 10957 | D:9      | Found an iron altar of Okawaru.
 12016 | D:10     | Entered Level 10 of the Dungeon
 12173 | D:10     | Noticed Fannar
 12180 | D:10     | Banished Fannar
 12180 | D:10     | Reached skill level 13 in Armour
 12532 | D:11     | HP: 4/90 [yaktaur/bolt (18)]
 12533 | D:11     | Slain by a wight

Skill      XL: |  1  2  3  4  5  6  7  8  9 10 |
---------------+-------------------------------+-----
Axes           | 4 |  4.1
Fighting       | 4 5 6 7 8 |  8.4
Armour         | 3 4 5 6 9 11 13 | 13.1
Short Blades   | 2 3 4 6 7 9 |  9.7
Stealth        | 1 2 |  2.0
Dodging        | 3 |  3.5

Action                   |  1- 3 |  4- 6 |  7- 9 | 10-12 || total
-------------------------+-------+-------+-------+-------++-------
Melee: Hand axe          |    16 |       |       |       ||    16
       Headbutt          |    11 |    15 |    75 |    32 ||   133
       Dagger            |    77 |   115 |   353 |   158 ||   703
Invok: Berserk           |       |       |     1 |       ||     1
  Use: Scroll            |     4 |     9 |     3 |     1 ||    17
       Potion            |       |       |     4 |       ||     4
  Eat: Ration            |     1 |     3 |     7 |     3 ||    14
       Chunk             |     1 |       |       |     1 ||     2
Armor: Animal skin       |     5 |       |       |       ||     5
       Ring mail         |    17 |       |       |       ||    17
       Chain mail        |    20 |    55 |       |       ||    75
       Plate armour      |       |     5 |   177 |    81 ||   263
Dodge: Dodged            |    53 |    44 |   119 |    51 ||   267
